 Dungeon Sprint DCSS version 0.30.0-10-gfe55d96785 (webtiles) character file.

Game seed: 219952377692542747

33513 Groucho the Spry (level 13, -1/55 HPs)
             Began as a Spriggan Enchanter on May 15, 2023.
             Was the Champion of Dithmenos.
             Constricted to death by a nagaraja (3 damage)
             ... in the Dungeon (Sprint VII: "The Pits").
             The game lasted 00:46:50 (12555 turns).

Groucho the Spry (Spriggan Enchanter)              Turns: 12555, Time: 00:46:51

Health: -1/55      AC: 11    Str:  4    XL:     13   Next: 37%
Magic:  18/32      EV: 28    Int: 21    God:    Dithmenos [******]
Gold:   12         SH:  7    Dex: 19    Spells: 29/41 levels left

rFire   . . .        C - +5 quick blade
rCold   . . .        A - +1 buckler {reflect}
rNeg    . . .        t - +2 steam dragon scales
rPois   .            (helmet restricted)
rElec   .            B - +1 cloak
rCorr   .            (gloves unavailable)
SInv    +            (boots unavailable)
Will    ++...        (no amulet) Stlth **++++++++
                     i - +3 ring of evasion
HPRegen 0.29/turn    n - +3 ring of intelligence
MPRegen 0.23/turn

%: no teleportation, reflection
@: lethally poisoned (-1 -> -21), confusing by touch, wreathed by umbra,
constricted, very quick
A: very small, no large weapons, unfitting armour, see invisible, speed 3
a: Renounce Religion, Shadow Step, Shadow Form


You were in the Dungeon.
You worshipped Dithmenos.
Dithmenos was exalted by your worship.
You visited 1 branch You collected 12 gold pieces.

Inventory:

Hand Weapons
 a - a +2 dagger
 r - a +4 rapier of venom
 w - a +3 arbalest
 C - a +5 quick blade (weapon)
 D - a +6 sling of flaming
Missiles
 l - 4 stones (quivered)
Armour
 t - +2 steam dragon scales (worn)
 z - a scarf of shadows
 A - a +1 buckler of reflection (worn)
 B - a +1 cloak (worn)
 E - a +2 robe of fire resistance
Jewellery
 b - a ring of poison resistance
 i - a +3 ring of evasion (left hand)
 n - a +3 ring of intelligence (right hand)
 x - a ring of protection from fire
Wands
 y - a wand of iceblast (5)
Scrolls
 j - 5 scrolls of amnesia
 k - a scroll of butterflies
 m - a scroll of fear
 u - 5 scrolls of identify
 v - 2 scrolls of blinking
Potions
 c - 4 potions of invisibility
 d - a potion of curing
 e - 10 potions of heal wounds
 f - a potion of haste
 g - 4 potions of magic
 h - 3 potions of berserk rage
 o - 3 potions of brilliance
 p - 2 potions of might
 q - a potion of resistance
 s - 3 potions of mutation


   Skills:
 - Level 14.0 Short Blades
 * Level 10.9 Ranged Weapons
 + Level 9.5 Armour
 + Level 15.2 Dodging
 - Level 15.0 Stealth
 * Level 4.0 Shields
 + Level 14.8 Spellcasting
 + Level 9.2 Conjurations
 - Level 15.0 Hexes
 + Level 7.1 Earth Magic
 - Level 15.0 Invocations


You had 29 spell levels left.
You knew the following spells:

 Your Spells              Type           Power      Damage    Failure   Level
a - Ensorcelled Hibernat  Hex/Ice        94%        N/A       1%          2
b - Confusing Touch       Hex            68%        N/A       1%          3
c - Dazzling Flash        Conj/Hex       100%       N/A       1%          3
d - Tukima's Dance        Hex            68%        N/A       1%          3
e - Sandblast             Erth           90%        2d19      1%          1

Your spell library contained the following spells:

 Spells                   Type           Power      Damage    Failure   Level
 Summon Mana Viper        Hex/Summ       47%        N/A       9%          5
 Lee's Rapid Deconstruct  Erth           22%        3d13*     11%         5
 Animate Armour           Summ/Erth      60%        N/A       16%         4
 Petrify                  Tmut/Erth      30%        N/A       16%         4
 Vampiric Draining        Necr           15%        2d7       22%         3
 Iron Shot                Conj/Erth      24%        9d5       36%         6
 Discord                  Hex            34%        N/A       69%         8
 Agony                    Necr           15%        N/A       89%         5
 Statue Form              Tmut/Erth      20%        N/A       94%         6
 Dragon's Call            Summ           7%         N/A       100%        9


Dungeon Overview and Level Annotations

Branches:
Dungeon (1/1)

Altars:
Ashenzari
Cheibriados
Dithmenos
Elyvilon
Fedhas
Gozag
Hepliaklqana
Kikubaaqudgha
Makhleb
Nemelex Xobeh
Okawaru
Qazlal
Ru
Sif Muna
Trog
Uskayaw
Vehumet
Wu Jian
Xom
Yredelemnul
Zin
The Shining One
Jiyva
Lugonu

Annotations:
D Saint Roka


Innate Abilities, Weirdness & Mutations

You are very small and have problems with some larger weapons.
You are too small for most types of armour.
You have supernaturally acute eyesight. (SInv)
You cover ground extremely quickly. (Speed+++)


Message History

You hit the nagaraja but do no damage.
The nagaraja is lightly wounded.
Your shadow hits the nagaraja but does no damage.
You block the nagaraja's attack. The nagaraja constricts you.
You closely miss the nagaraja.
The nagaraja is lightly wounded.
Your shadow barely misses the nagaraja.
You hit the nagaraja but do no damage.
The nagaraja is lightly wounded.
You hit the nagaraja but do no damage.
The nagaraja is lightly wounded.
The nagaraja casts a spell at you.
Your +1 buckler of reflection blocks the poison arrow... and reflects it back!
The poison arrow hits the nagaraja!
The nagaraja partially resists.
The nagaraja is poisoned.
The nagaraja constricts you.
You closely miss the nagaraja.
The nagaraja is lightly wounded.
Your shadow barely misses the nagaraja.
You hit the nagaraja but do no damage.
The nagaraja is lightly wounded.
Your shadow hits the nagaraja but does no damage.
The nagaraja gestures wildly while chanting.
The nagaraja seems to speed up.
The nagaraja constricts you.
You hit the nagaraja but do no damage.
The nagaraja is lightly wounded.
Your shadow hits the nagaraja but does no damage.
You hit the nagaraja but do no damage.
The nagaraja is lightly wounded.
The nagaraja hits you with a +2 long sword of holy wrath!!
You emit a cloud of dark smoke.
The nagaraja constricts you.
You are too injured to fight recklessly!
You are too injured to fight recklessly!
You feel much better.
The nagaraja gestures at you while chanting.
The bolt of poison hits you!!
You are poisoned.
Ouch! That really hurt!
* * * LOW HITPOINT WARNING * * *
You emit a cloud of dark smoke.
The nagaraja constricts you.
You die...

#.....§§§§§§§..N.....N'.........
#.3#############T##N.##..#....#.
#..# #.#.#..##......... #..# #H#
##..##......... #..# #N#
#..####''####' #..# #W#
#..####''####' #..# #N#
#..##......##)
#..################§.##.#'##.##.
##.............N@§§§§.##.#.)'.##.
##..........§..§§§§§§.##.'..#.##.
###########''###########.#..'.##.
###########''###########.'|.#.##.
##................##..##.##'#.##.
##......#(.#......##..##......##.
##............)...')..##########.
.)....))).......).)'..##########)
##.....)#..#.....)##...)....).)..


You could see a nagaraja (fast, very poisoned).

Vanquished Creatures
  A fire giant (D)
  2 orc warlords (D)
  A minotaur (D)
  Josephine (D)
  A merfolk impaler (D)
  An ice dragon (D)
  4 vault guards (D)
  A hell beast (D)
  A two-headed ogre (D)
  A naga warrior (D)
  A soul eater (D)
  A deep elf knight (D)
  A deep troll (D)
  A sea snake (D)
  A flayed ghost (D)
  A wizard (D)
  Pikel (D)
  2 phantasmal warriors (D)
  2 deep elf pyromancers (D)
  17 orc knights (D)
  A necromancer (D)
  A wolf spider (D)
  A salamander (D)
  A manticore (D)
  A merfolk siren (D)
  2 demonic crawlers (D)
  A gargoyle (D)
  A rime drake (D)
  A freezing wraith (D)
  2 unseen horrors (D)
  An ice devil (D)
  A merfolk (D)
  A hornet (D)
  A troll (D)
  A wind drake (D)
  A tyrant leech (D)
  A wandering mushroom (D)
  5 dream sheep (D)
  A flying skull (D)
  2 shadows (D)
  2 jumping spiders (D)
  A water elemental (D)
  6 yaks (D)
  2 large abominations (D)
  2 steam dragons (D)
  A redback (D)
  2 wargs (D)
  An acid dragon (D)
  A floating eye (D)
  A swamp drake (D)
  5 orc warriors (D)
  3 sky beasts (D)
  3 black bears (D)
  7 wolves (D)
  A centaur (D)
  3 lemures (D)
  2 bullfrogs (D)
  A scorpion (D)
  3 killer bees (D)
  A crimson imp (D)
  A quasit (D)
  A hound (D)
  2 orc priests (D)
  4 orc wizards (D)
  An iguana (D)
  A hell rat (D)
  2 mummies (D)
  4 adders (D)
  An ufetubus (D)
  An adder skeleton (D)
  12 orcs (D)
  A bat zombie (D)
  An endoplasm (D)
  A ball python (D)
  A ball python skeleton (D)
  3 bats (D)
  A bat simulacrum (D)
  A frilled lizard (D)
  A giant cockroach simulacrum (D)
  A giant cockroach zombie (D)
  A jackal skeleton (D)
  A kobold (D)
  A quokka simulacrum (D)
  2 rats (D)
163 creatures vanquished.

Notes
Turn   | Place    | Note
-------+----------+-------------------------------------------
     0 | D        | Groucho the Spriggan Enchanter began the quest for the Orb.
     0 | D        | Reached XP level 1. HP: 9/9 MP: 5/5
    39 | D        | Found a bloodstained altar of Trog.
    39 | D        | Found a shimmering blue altar of Sif Muna.
    39 | D        | Found a viscous altar of Jiyva.
    39 | D        | Found a hazy altar of Hepliaklqana.
    39 | D        | Found an opulent altar of Gozag.
    40 | D        | Found a glowing golden altar of the Shining One.
    40 | D        | Found a glowing silver altar of Zin.
    40 | D        | Found a basalt altar of Yredelemnul.
    40 | D        | Found a shimmering altar of Xom.
    40 | D        | Found an ornate altar of the Wu Jian Council.
    40 | D        | Found a sacrificial altar of Ru.
    40 | D        | Found a stormy altar of Qazlal.
    40 | D        | Found an iron altar of Okawaru.
    40 | D        | Found a sparkling altar of Nemelex Xobeh.
    40 | D        | Found a burning altar of Makhleb.
    40 | D        | Found a blossoming altar of Fedhas.
    40 | D        | Found a white marble altar of Elyvilon.
    40 | D        | Found a shadowy altar of Dithmenos.
    40 | D        | Found a snail-covered altar of Cheibriados.
    43 | D        | Found a corrupted altar of Lugonu.
    43 | D        | Found a radiant altar of Vehumet.
    44 | D        | Found an ancient bone altar of Kikubaaqudgha.
    44 | D        | Found a hide-covered altar of Uskayaw.
    44 | D        | Found a broken altar of Ashenzari.
    50 | D        | Became a worshipper of Dithmenos the Shadowed
    73 | D        | Reached skill level 5 in Stealth
   139 | D        | Reached * piety under Dithmenos
   140 | D        | Reached skill level 1 in Invocations
   144 | D        | Noticed a floating eye
   163 | D        | Reached XP level 2. HP: 13/13 MP: 7/7
   166 | D        | Learned a level 2 spell: Ensorcelled Hibernation
   195 | D        | Reached ** piety under Dithmenos
   212 | D        | Paralysed by a floating eye for 2 turns
   220 | D        | Killed a floating eye
   221 | D        | Reached skill level 5 in Spellcasting
   221 | D        | Reached skill level 5 in Hexes
   221 | D        | Reached skill level 5 in Invocations
   221 | D        | Reached XP level 3. HP: 16/16 MP: 1/10
   221 | D        | Reached XP level 4. HP: 21/21 MP: 1/12
   225 | D        | Learned a level 3 spell: Confusing Touch
   229 | D        | Learned a level 3 spell: Dazzling Flash
   233 | D        | Learned a level 3 spell: Tukima's Dance
   625 | D        | Noticed a sky beast
   630 | D        | Noticed a sky beast
   632 | D        | Killed a sky beast
   632 | D        | Reached *** piety under Dithmenos
   633 | D        | Reached skill level 10 in Stealth
   633 | D        | Reached skill level 1 in Conjurations
   633 | D        | Reached XP level 5. HP: 24/24 MP: 14/14
   636 | D        | Killed a sky beast
   637 | D        | Reached XP level 6. HP: 28/28 MP: 16/16
   640 | D        | Reached skill level 5 in Short Blades
   640 | D        | Reached skill level 5 in Dodging
   642 | D        | Reached **** piety under Dithmenos
   654 | D        | Noticed Josephine
   656 | D        | Killed Josephine
   657 | D        | Reached XP level 7. HP: 32/32 MP: 17/19
   657 | D        | Reached XP level 8. HP: 36/36 MP: 17/20
   683 | D        | Reached ***** piety under Dithmenos
   693 | D        | Noticed a flying skull
   693 | D        | Noticed a dream sheep
   693 | D        | Noticed a dream sheep
   693 | D        | Noticed a dream sheep
   696 | D        | Noticed a dream sheep
   780 | D        | Noticed a dream sheep
   852 | D        | Killed a flying skull
  1110 | D        | Killed a dream sheep
  1111 | D        | Reached skill level 15 in Stealth
  1231 | D        | Killed a dream sheep
  1243 | D        | Killed a dream sheep
  1244 | D        | Reached XP level 9. HP: 18/39 MP: 11/23
  1251 | D        | HP: 1/39 [dream sheep (19)]
  1655 | D        | Reached skill level 10 in Invocations
  2002 | D        | Noticed a deep elf pyromancer
  2272 | D        | Killed a deep elf pyromancer
  2273 | D        | Reached skill level 10 in Short Blades
  2273 | D        | Reached skill level 5 in Conjurations
  2273 | D        | Reached skill level 10 in Hexes
  2278 | D        | Reached ****** piety under Dithmenos
  2315 | D        | Reached skill level 1 in Armour
  2583 | D        | Noticed an ice devil
  2583 | D        | Noticed a phantasmal warrior
  2586 | D        | Killed an ice devil
  2587 | D        | Reached skill level 10 in Spellcasting
  2593 | D        | Killed a phantasmal warrior
  2594 | D        | Reached XP level 10. HP: 38/44 MP: 20/25
  2980 | D        | Reached skill level 10 in Dodging
  3313 | D        | Noticed a necromancer
  3313 | D        | Noticed a merfolk siren
  3322 | D        | Noticed a phantasmal warrior
  3323 | D        | Noticed a two-headed ogre
  3482 | D        | Killed a phantasmal warrior
  3744 | D        | Killed a two-headed ogre
  3771 | D        | Killed a merfolk siren
  4274 | D        | Noticed Pikel
  4338 | D        | Reached skill level 5 in Armour
  4386 | D        | Killed Pikel
  4387 | D        | Reached XP level 11. HP: 47/47 MP: 14/27
  4491 | D        | Killed a necromancer
  4835 | D        | Noticed a sea snake
  4848 | D        | Killed a sea snake
  5029 | D        | Noticed a deep elf pyromancer
  5031 | D        | Killed a deep elf pyromancer
  5151 | D        | Got the Folio of Silt and the Escort
  5153 | D        | Got the Spellbook of the Loathsome Syncline
  5213 | D        | Noticed an orc knight
  5262 | D        | Killed an orc knight
  5263 | D        | Reached skill level 1 in Earth Magic
  5557 | D        | Noticed a wolf spider
  5571 | D        | Killed a wolf spider
  5572 | D        | Reached skill level 1 in Ranged Weapons
  6171 | D        | Noticed an orc knight
  6589 | D        | Learned a level 1 spell: Sandblast
  7342 | D        | Killed an orc knight
  7759 | D        | Noticed an orc knight
  7759 | D        | Noticed an orc knight
  7760 | D        | Noticed an orc knight
  7760 | D        | Noticed an orc warlord
  7760 | D        | Noticed an orc knight
  7761 | D        | Noticed an orc knight
  7761 | D        | Noticed an orc warlord
  7794 | D        | Killed an orc knight
  7801 | D        | Killed an orc knight
  7985 | D        | Noticed a vault guard
  7990 | D        | Killed a vault guard
  8067 | D        | Noticed an orc knight
  8088 | D        | Killed an orc knight
  8089 | D        | Reached XP level 12. HP: 16/51 MP: 20/29
  8566 | D        | Reached skill level 5 in Ranged Weapons
  8576 | D        | Killed an orc warlord
  8964 | D        | Noticed a vault guard
  8964 | D        | Noticed a hell beast
  8997 | D        | Killed a hell beast
  8998 | D        | Reached skill level 15 in Invocations
  9171 | D        | Noticed a naga warrior
  9200 | D        | Killed a naga warrior
  9245 | D        | Killed a vault guard
  9365 | D        | Reached skill level 5 in Earth Magic
  9546 | D        | Killed an orc warlord
 10167 | D        | Noticed Saint Roka
 10873 | D        | Noticed a vault guard
 10895 | D        | Killed a vault guard
 10982 | D        | Noticed a vault guard
 10991 | D        | Killed a vault guard
 11139 | D        | Noticed a minotaur
 11139 | D        | Noticed an ice dragon
 11139 | D        | Noticed a fire giant
 11139 | D        | Noticed a nagaraja
 11139 | D        | Noticed a merfolk impaler
 11194 | D        | Killed a fire giant
 11195 | D        | Reached skill level 1 in Shields
 11195 | D        | Reached XP level 13. HP: 44/55 MP: 27/32
 11423 | D        | Killed a merfolk impaler
 11471 | D        | Reached skill level 10 in Ranged Weapons
 11747 | D        | Killed a minotaur
 11986 | D        | Got the Vademecum on Doomed Production
 12082 | D        | Noticed a nagaraja
 12132 | D        | Reached skill level 15 in Dodging
 12160 | D        | Identified the +5 executioner's axe of Pojuno {venom, Drain
                  | Dex+2 Stlth+}
 12528 | D        | Reached skill level 15 in Hexes
 12533 | D        | Identified the ring of the Heavens {Wiz rPois Str+3}
 12555 | D        | HP: 2/55 [nagaraja/bolt of poison (35)]
 12555 | D        | Constricted to death by a nagaraja

Illustrated notes

Levels and vault maps discovered:
D:        pitsprint [storerooms_1, entrance_room_1, metal_vault_2, armoury_3,
          mini_pit_1, grid_room_1, main_hall_1, silver_pit, the_coven_1,
          the_vestibule_1, steel_vault_3, golden_pit, hallway_of_sentries,
          crystal_vault_6, iron_vault_1, final_vault]

Skill      XL: |  1  2  3  4  5  6  7  8  9 10 11 12 13 |
---------------+----------------------------------------+-----
Stealth        | 5 9 10 11 14 15 | 15.0
Spellcasting   | 3 5 6 7 9 10 11 12 14 | 14.8
Invocations    | 1 5 6 8 9 11 12 14 15 | 15.0
Hexes          | 4 5 6 8 9 10 11 12 14 15 | 15.0
Short Blades   | 3 4 7 9 11 12 14 | 14.0
Dodging        | 3 4 6 8 9 11 12 14 15 | 15.2
Conjurations   | 1 3 4 5 6 7 8 9 |  9.2
Armour         | 2 5 7 9 |  9.5
Earth Magic    | 3 6 7 |  7.1
Ranged Weapons | 4 9 10 | 10.9
Shields        | 1 4 |  4.0

Action                     |  1- 3 |  4- 6 |  7- 9 | 10-12 | 13-15 || total
---------------------------+-------+-------+-------+-------+-------++-------
  Melee: Dagger            |    28 |    13 |    35 |    82 |       ||   158
         Rapier            |       |       |       |    80 |       ||    80
         Punch             |       |       |       |     1 |       ||     1
         Quick blade       |       |       |       |     1 |   100 ||   101
   Fire: Arbalest          |       |       |       |   143 |       ||   143
         Sling             |       |       |       |    10 |     4 ||    14
  Throw: Stone             |     4 |       |     2 |     4 |     1 ||    11
   Cast: Ensorcelled Hiber |     4 |       |    23 |   118 |    29 ||   174
         Confusing Touch   |       |       |     2 |    17 |     9 ||    28
         Dazzling Flash    |       |       |       |     4 |     4 ||     8
         Sandblast         |       |       |       |       |     3 ||     3
 Invoke: Shadow Step       |       |       |     2 |    20 |     1 ||    23
    Use: Potion            |       |       |     3 |     7 |     6 ||    16
         Scroll            |       |       |     1 |     4 |       ||     5
   Stab: Sleeping          |     4 |     8 |    26 |    72 |    10 ||   120
         Confused          |       |       |     2 |    13 |    10 ||    25
         Invisible         |       |       |       |     1 |     3 ||     4
 Armour: Robe              |     2 |     3 |     1 |       |       ||     6
         Steam dragon scal |       |       |       |     6 |     4 ||    10
  Dodge: Dodged            |    20 |     4 |    20 |   141 |    34 ||   219
  Block: Buckler           |       |       |       |       |     9 ||     9
         Reflection        |       |       |       |       |     2 ||     2
